 Dungeon Crawl Stone Soup version 0.21.1-1-g345015f (webtiles) character file.

19257 Mesmaeker13 the Fighter (level 12, -14/106 HPs)
             Began as a Demigod Skald on Feb 25, 2018.
             Demolished by a large abomination (23 damage)
             ... on level 1 of the Abyss on Feb 26, 2018.
             The game lasted 00:41:57 (18750 turns).

Mesmaeker13 the Fighter (Demigod Skald)            Turns: 18750, Time: 00:41:58

Health: -14/106    AC: 15    Str: 22    XL:     12   Next: 7%
Magic:  22/22      EV: 11    Int: 17    God:
Gold:   484        SH:  0    Dex: 15    Spells: 9/19 levels left

rFire    + . .     SeeInvis .   E - +5 trident
rCold    . . .     Gourm    .   (no shield)
rNeg     . . .     Faith    .   u - +0 scale mail {rF+}
rPois    .         Spirit   .   q - +1 helmet
rElec    .         Reflect  .   h - scarf {repulsion}
rCorr    +         Harm     .   (no gloves)
MR       +....                  y - +0 pair of boots
Stlth    ..........             (no amulet)
HPRegen  0.27/turn              k - ring of resist corrosion
MPRegen  0.18/turn              f - +3 ring of protection

@: about to teleport, repel missiles
A: high mp 1
a: no special abilities


You were on level 1 of the Abyss.
You were not hungry.

You visited 2 branches of the dungeon, and saw 11 of its levels.
You visited the Abyss 1 time.

You collected 484 gold pieces.

Inventory:

Hand Weapons
 n - a +0 blowgun
 A - a +2 hunting sling of velocity
 E - a +5 trident (weapon)
Missiles
 o - 43 poisoned needles
 B - 52 sling bullets
Armour
 h - a scarf of repulsion (worn)
 q - a +1 helmet (worn)
 u - a +0 scale mail of fire resistance (worn)
 x - a +0 chain mail
 y - a +0 pair of boots (worn)
Jewellery
 f - a +3 ring of protection (right hand)
 k - a ring of resist corrosion (left hand)
Wands
 G - a wand of clouds (6)
Scrolls
 a - a scroll of enchant armour
 b - 2 scrolls of amnesia
 e - a scroll of teleportation
 g - 4 scrolls of remove curse
 i - 3 scrolls of fog
 j - a scroll of immolation
 H - a scroll of random uselessness {unknown}
 I - 2 scrolls of vulnerability {unknown}
Potions
 l - a potion of cancellation
 m - 2 potions of mutation
 p - a potion of brilliance {unknown}
 v - a potion of flight
 w - a potion of haste {unknown}
 D - 3 potions of curing
 F - a potion of might {unknown}
 J - a potion of agility
Books
 c - a book of Battle

   Spells                             Type                      Level
   a - Infusion                       Charms                       1
   b - Shroud of Golubria             Charms/Translocation         2
   c - Song of Slaying                Charms                       2
   d - Spectral Weapon                Hexes/Charms                 3
   e - Regeneration                   Charms/Necromancy            3
 s - a book of Misfortune

   Spells                             Type                      Level
   a - Confusing Touch                Hexes                        1
   b - Confuse                        Hexes                        3
   c - Gell's Gravitas                Translocation                3
   d - Petrify                        Transmutation/Earth          4
   e - Metabolic Englaciation         Hexes/Ice                    5
   f - Yara's Violent Unravelling     Hexes/Transmutation          5
 C - a Young Poisoner's Handbook

   Spells                             Type                      Level
   a - Sting                          Conjuration/Poison           1
   b - Poisonous Vapours              Poison/Air                   2
   c - Mephitic Cloud                 Conjuration/Poison/Air       3
   d - Olgreb's Toxic Radiance        Poison                       4
   e - Venom Bolt                     Conjuration/Poison           5
 K - a book of Party Tricks

   Spells                             Type                      Level
   a - Summon Butterflies             Summoning                    1
   b - Apportation                    Translocation                1
   c - Lesser Beckoning               Translocation                3
   d - Tukima's Dance                 Hexes                        3
   e - Alistair's Intoxication        Transmutation/Poison         5
   f - Invisibility                   Hexes                        6
Comestibles
 d - 15 rations


   Skills:
 + Level 9.7 Fighting
 + Level 9.6 Polearms
 + Level 9.5 Armour
 - Level 1.7 Dodging
 - Level 4.2 Spellcasting
 - Level 5.0 Hexes
 - Level 5.5 Charms
 + Level 4.8 Necromancy


You had 9 spell levels left.
You knew the following spells:

 Your Spells              Type           Power        Failure   Level  Hunger
a - Infusion              Chrm           ###.         3%          1    None
b - Confuse               Hex            ###.....     13%         3    ###....
c - Spectral Weapon       Hex/Chrm       ###.....     12%         3    ###....
d - Regeneration          Chrm/Necr      ###.......   12%         3    ###....


Dungeon Overview and Level Annotations

Branches:
Dungeon (8/15)             Temple (0/1) D:6            Lair (3/6) D:8
 Shoals (0/4) Lair:3       Spider (0/4) Lair:2

Shops:
D:3 *

Annotations:
D:4 Dowan
Lair:3 Sonja


Innate Abilities, Weirdness & Mutations

You have an increased reservoir of magic. (+10% MP)


Message History

The large abomination hits you.
* * * LOW HITPOINT WARNING * * *
Unknown command.
You feel much better. The large abomination hits you! x2
* * * LOW HITPOINT WARNING * * *
Unknown command.
As you read the scroll labeled SUTANTEOMU, it crumbles to dust.
You speak a Word of immense power!
The large abomination convulses! x3
It was a scroll of holy word.
The large abomination hits you.
* * * LOW HITPOINT WARNING * * *
The large abomination hits you!
* * * LOW HITPOINT WARNING * * *
Unknown command.
The large abomination hits you but does no damage.
The large abomination is lost in a daze.
You hit the small abomination but do no damage.
The small abomination misses you.
The large abomination closely misses you.
The large abomination hits you!!
You die...

#.. .#....#. ...
...###.. ### # #
.......
#..##.##......#
#...#.#.#.#.#
#..#....#..
##.X##x#..#.#.
#. #####......
###.X#.X@x......
#
...#.#XX#..#...
...## .#.#.
####§## .# ...##
.# #X#.#.# ...
##.....#.§#
#.....# .###.###
.. ##. #. ....##
. . ##.#.. ...#
# #### #.
#.....#


You could see 3 large abominations and a small abomination.

Vanquished Creatures
  A dire elephant (Lair:3)
  A thrashing horror (Abyss:1)
  A black mamba (Lair:3)
  10 elephants (Lair:3)
  2 merfolk sirens (Lair:3)
  Joseph (D:7)
  4 spiny frogs
  5 komodo dragons
  3 rime drakes
  2 merfolk (Lair:3)
  A jumping spider (Lair:2)
  3 blink frogs (Lair:2)
  Prince Ribbit (D:6)
  Grinder (D:6)
  3 hippogriffs
  A redback (Lair:1)
  A spriggan (Lair:3)
  2 water moccasins
  Duvessa (D:4)
  3 porcupines
  An orc warrior (D:8)
  3 ice beasts
  An eye of draining (D:8)
  2 sky beasts
  2 ogres (D:4)
  37 wolves
  2 centaurs
  3 crocodiles
  Blork the orc (D:4)
  8 bullfrogs
  2 scorpions
  6 killer bees (D:8)
  3 wights (D:7)
  4 howler monkeys
  5 crimson imps
  4 jellies
  3 bullfrog zombies
  2 bullfrog skeletons
  2 hounds (D:8)
  2 orc priests
  2 centaur skeletons
  4 orc wizards
  2 iguanas (D:6)
  Jessica (D:3)
  Natasha (D:2)
  5 worker ants
  Terence (D:2)
  2 hound zombies (D:5)
  2 hound skeletons
  Robin (D:2)
  2 howler monkey zombies (D:5)
  7 gnolls
  3 howler monkey skeletons
  9 adders
  An ooze (D:1)
  2 adder zombies (D:5)
  2 worms
  3 dart slugs
  5 leopard geckos
  25 orcs
  6 bats
  6 giant cockroaches
  20 goblins
  11 hobgoblins
  4 quokkas
  7 frilled lizards
  A giant cockroach zombie (D:5)
  A jackal skeleton (D:8)
  A jackal zombie (D:5)
  13 kobolds
  3 quokka zombies (D:5)
  8 rats
301 creatures vanquished.

Vanquished Creatures (others)
  A komodo dragon (D:7)
  An orc wizard (D:5)
  62 fungi (Lair:3)
  13 plants (Lair:3)
  9 spectral weapons
86 creatures vanquished.

Grand Total: 387 creatures vanquished

Notes
Turn   | Place    | Note
-------+----------+-------------------------------------------
     0 | D:1      | Mesmaeker13 the Demigod Skald began the quest for the Orb.
     0 | D:1      | Reached XP level 1. HP: 17/17 MP: 5/5
    48 | D:1      | Reached skill level 1 in Armour
   164 | D:1      | Reached XP level 2. HP: 20/24 MP: 7/7
   914 | D:1      | Reached XP level 3. HP: 21/29 MP: 8/8
  1343 | D:2      | Found a sacrificial altar of Ru.
  1403 | D:2      | Noticed Terence
  1687 | D:3      | Noticed Natasha
  1716 | D:2      | Noticed Robin
  1756 | D:2      | Killed Robin
  1756 | D:2      | Reached XP level 4. HP: 16/37 MP: 9/9
  2066 | D:3      | Noticed Grinder
  2506 | D:2      | Killed Terence
  3049 | D:2      | HP: 1/37 [shadow imp[Natasha] (2)]
  3057 | D:2      | Killed Natasha
  3454 | D:3      | Found Zin's Purification Station.
  3460 | D:3      | Found a glowing silver altar of Zin.
  3460 | D:3      | Noticed Jessica
  3470 | D:3      | Killed Jessica
  3470 | D:3      | Reached XP level 5. HP: 44/44 MP: 10/10
  4244 | D:4      | Noticed Blork the orc
  4260 | D:5      | Entered Level 5 of the Dungeon
  4408 | D:5      | Reached XP level 6. HP: 19/51 MP: 11/11
  5305 | D:5      | Reached XP level 7. HP: 56/58 MP: 12/12
  5595 | D:5      | Found a snail-covered altar of Cheibriados.
  6454 | D:4      | Found an opulent altar of Gozag.
  6606 | D:4      | Reached skill level 5 in Charms
  6871 | D:4      | Noticed Duvessa
  6871 | D:4      | Noticed Dowan
  6896 | D:4      | Killed Duvessa
  6896 | D:4      | Reached XP level 8. HP: 51/67 MP: 13/13
  7306 | D:4      | Killed Blork the orc
  7366 | D:4      | Found a deep blue altar of Sif Muna.
  7657 | D:6      | Noticed a hippogriff
  7665 | D:6      | Killed a hippogriff
  7665 | D:6      | Reached skill level 5 in Fighting
  7665 | D:6      | Reached skill level 5 in Polearms
  7695 | D:6      | Learned a level 3 spell: Confuse
  7939 | D:6      | Found a white marble altar of Elyvilon.
  8008 | D:6      | Reached skill level 5 in Armour
  8011 | D:6      | Reached skill level 1 in Hexes
  8119 | D:6      | Noticed Prince Ribbit
  8136 | D:6      | Killed Prince Ribbit
  8298 | D:6      | Paralysed by Grinder for 5 turns
  8304 | D:6      | Killed Grinder
  8482 | D:6      | Reached XP level 9. HP: 73/75 MP: 9/14
  8601 | D:6      | Found a staircase to the Ecumenical Temple.
  8919 | D:7      | Noticed Joseph
  8940 | D:7      | Killed Joseph
  9412 | D:7      | Found a radiant altar of Vehumet.
  9772 | D:7      | Found an iron altar of Okawaru.
 10036 | D:8      | Noticed a komodo dragon
 10081 | D:7      | Killed a komodo dragon
 10691 | D:8      | Learned a level 3 spell: Spectral Weapon
 10807 | D:8      | Noticed a death yak
 10808 | D:8      | Noticed a death yak
 10962 | D:8      | Found a staircase to the Lair.
 10976 | Lair:1   | Entered Level 1 of the Lair of Beasts
 11865 | D:8      | Reached XP level 10. HP: 66/86 MP: 15/15
 12578 | Lair:1   | Reached skill level 5 in Hexes
 14048 | Lair:2   | Found a hole to the Spider Nest.
 14390 | Lair:2   | Learned a level 3 spell: Regeneration
 15613 | Lair:3   | Noticed a merfolk siren
 15613 | Lair:3   | Noticed a merfolk siren
 15625 | Lair:3   | Killed a merfolk siren
 15625 | Lair:3   | Reached XP level 11. HP: 83/94 MP: 16/20
 15636 | Lair:3   | Reached skill level 1 in Necromancy
 16236 | Lair:3   | Found a staircase to the Shoals.
 16495 | Lair:3   | Noticed a dire elephant
 16519 | Lair:3   | Killed a dire elephant
 17353 | Lair:3   | Noticed Sonja
 18411 | Lair:3   | Reached XP level 12. HP: 68/105 MP: 19/22
 18558 | Lair:3   | Noticed a six-headed hydra
 18575 | Lair:3   | Cast into level 1 of the Abyss (Sonja)
 18575 | Abyss:1  | Found a corrupted altar of Lugonu.
 18745 | Abyss:1  | HP: 2/106 [large abomination (13)]
 18750 | Abyss:1  | Demolished by a large abomination

Skill      XL: |  1  2  3  4  5  6  7  8  9 10 11 |
---------------+----------------------------------+-----
Armour         | 1 2 3 4 5 6 8 9 |  9.5
Fighting       | 2 3 4 5 7 8 9 |  9.7
Polearms       | 2 3 4 5 7 8 9 |  9.6
Charms         | 3 4 5 |  5.5
Hexes          | 2 4 5 |  5.0
Spellcasting   | 3 4 |  4.2
Necromancy     | 4 |  4.8
Dodging        | |  1.7

Action                   |  1- 3 |  4- 6 |  7- 9 | 10-12 || total
-------------------------+-------+-------+-------+-------++-------
Melee: Spear             |   200 |   185 |       |       ||   385
       Trident           |       |   161 |   593 |   527 ||  1281
 Fire: Blowgun           |       |     3 |    17 |       ||    20
 Cast: Infusion          |       |       |    28 |     5 ||    33
       Confuse           |       |       |     3 |       ||     3
       Spectral Weapon   |       |       |     1 |    40 ||    41
       Regeneration      |       |       |       |    16 ||    16
Evoke: Wand              |       |       |     6 |     1 ||     7
  Use: Potion            |     2 |     6 |     3 |     4 ||    15
       Scroll            |       |     7 |     9 |    10 ||    26
 Stab: Sleeping          |     6 |     1 |       |       ||     7
       Invisible         |     2 |       |       |       ||     2
       Fleeing           |       |       |     1 |       ||     1
       Distracted        |       |       |       |     7 ||     7
  Eat: Chunk             |     3 |     5 |    18 |     8 ||    34
       Ration            |       |     2 |     2 |     6 ||    10
Armor: Leather armour    |    33 |     3 |       |       ||    36
       Scale mail        |       |   166 |   317 |   227 ||   710
Dodge: Dodged            |   115 |   167 |   271 |   303 ||   856
       Deflected         |       |       |     8 |     3 ||    11
